 Dungeon Crawl Stone Soup version 0.30.1-9-gdf580d7c3d (webtiles) character file.

Game seed: 4921525500010015211

103 ChiefBigBeans the Digger (level 4, -1/27 HPs)
             Began as a Gargoyle Earth Elementalist on Oct 10, 2023.
             Slain by an orc wizard
             ... wielding a +0 dagger
              (4 damage)
             ... on level 2 of the Dungeon.
             The game lasted 00:05:38 (3193 turns).

ChiefBigBeans the Digger (GrEE)                     Turns: 3193, Time: 00:05:39

Health: -1/27      AC:  5    Str: 19    XL:     4   Next: 79%
Magic:  6/8        EV: 10    Int: 16    God:
Gold:   128        SH:  7    Dex: 10    Spells: 7/8 levels left

rFire   . . .        v - +0 mace
rCold   . . .        e - +0 kite shield
rNeg    + . .        a - +0 robe
rPois   ∞            (no helmet)
rElec   +            (no cloak)
rCorr   .            (no gloves)
SInv    .            (no boots)
Will    .....        (no amulet)
Stlth   ++           o - +6 ring of strength
HPRegen 0.24/turn    (no ring)
MPRegen 0.11/turn

%: no passive effects
@: no status effects
A: sickness immunity, AC +3, negative energy resistance 1, electricity
resistance, torment resistance 1, petrification resistance
a: no special abilities


You were on level 2 of the Dungeon.
You visited 1 branch of the dungeon, and saw 3 of its levels.

You collected 128 gold pieces.

Inventory:

Hand Weapons
 v - a +0 mace (weapon)
Armour
 a - a +0 robe (worn)
 e - a +0 kite shield (worn)
Jewellery
 o - a +6 ring of strength (left hand)
Wands
 q - a wand of paralysis (9)
Scrolls
 c - 2 scrolls of identify {unknown}
 h - a scroll of fear {unknown}
 i - a scroll of silence {unknown}
 k - a scroll of enchant weapon {unknown}
 l - a scroll of immolation {unknown}
 m - a scroll of magic mapping {unknown}
 p - a scroll of fog {unknown}
 s - 3 scrolls of teleportation {unknown}
Potions
 b - a potion of magic
 f - a potion of brilliance {unknown}
 j - a potion of curing {unknown}
 n - 2 potions of berserk rage {unknown}
 r - 2 potions of degeneration {unknown}
 t - a potion of flight {unknown}
 u - a potion of mutation {unknown}


   Skills:
 + Level 2.3 Fighting
 - Level 1.5 Dodging
 - Level 2.1 Stealth
 + Level 1.2 Shields
 + Level 2.9 Spellcasting
 - Level 0.7 Transmutations
 + Level 4.6 Earth Magic


You had 7 spell levels left.
You knew the following spells:

 Your Spells              Type           Power      Damage    Failure   Level
a - Sandblast             Erth           34%        2d9       8%          1

Your spell library contained the following spells:

 Spells                   Type           Power      Damage    Failure   Level
 Passwall                 Tmut/Erth      8%         N/A       26%         2
 Stone Arrow              Conj/Erth      18%        3d8       52%         3
 Ensorcelled Hibernation  Hex/Ice        4%         N/A       63%         2
 Swiftness                Air            2%         N/A       85%         3
 Petrify                  Tmut/Erth      10%        N/A       86%         4


Dungeon Overview and Level Annotations

Branches:
Dungeon (3/15)

Altars:
Sif Muna


Innate Abilities, Weirdness & Mutations

You are immune to sickness and miasma.
Your stone body is resilient. (AC +3)
You are immune to poison.
You resist negative energy. (rN+)
You are resistant to electric shocks. (rElec)
You are resistant to unholy torment.
You are immune to petrification.


Message History

Aiming: Sandblast (safe; 8% risk of failure)
Press: ? - help, Q - select action, (/) - cycle Shift-Dir - straight line, f - orc wizard
Aim: an orc wizard, wielding a +0 dagger and wearing a +0 robe (moderately wounded, 77% to hit)
The blast of sand hits the orc wizard!
The orc wizard is severely wounded.
The orc wizard hits you with a +0 dagger.
* * * LOW HITPOINT WARNING * * *
The orc wizard points at you and mumbles some strange words.
You are confused.
You're too confused to cast spells.
Unknown command.
You're too confused to cast spells.
Unknown command.
You bump into the rock wall.
The orc wizard closely misses you.
You hit the orc wizard but do no damage.
The orc wizard is severely wounded.
The orc wizard hits you with a +0 dagger.
* * * LOW HITPOINT WARNING * * *
You barely miss the orc wizard.
The orc wizard is severely wounded.
The orc wizard barely misses you. The orc wizard completely misses you.
You barely miss the orc wizard.
The orc wizard is severely wounded.
You feel less confused.
The orc wizard hits you but does no damage.
You barely miss the orc wizard.
The orc wizard is severely wounded.
The orc wizard hits you but does no damage.
The orc wizard barely misses you.
You barely miss the orc wizard.
The orc wizard is severely wounded.
The orc wizard hits you with a +0 dagger.
* * * LOW HITPOINT WARNING * * *
You closely miss the orc wizard.
The orc wizard is severely wounded.
The orc wizard gestures wildly while chanting.
The orc wizard flickers and vanishes!
Deactivating autopickup; reactivate with Ctrl-A.
Something hits you.
You die...

.# .# .# ##### .# #...# .#
#...# ###### .# #...#
###....# .# #...# ###...##.#
### ###...#########...###..#
..###.'...'.....@)..###...##
##[.###...######{####..####
.###..#############..###
...###.^#.......#..###
....###.'..≈≈≈..'.##
...###..#.......#..###
.###..#############..########
##..### #.####..##...# ..###
##.# ###...#.#


There were no monsters in sight!

Vanquished Creatures
  A gnoll (D:1)
  An adder (D:2)
  2 dart slugs
  11 orcs
  6 ball pythons
  5 bats
  6 endoplasms
  3 giant cockroaches
  5 hobgoblins
  2 jackals (D:1)
  6 kobolds
  A quokka (D:3)
  3 frilled lizards
  7 goblins
  2 rats
61 creatures vanquished.

Notes
Turn   | Place    | Note
-------+----------+-------------------------------------------
     0 | D:1      | ChiefBigBeans the Gargoyle Earth Elementalist began the
                  | quest for the Orb.
     0 | D:1      | Reached XP level 1. HP: 10/10 MP: 3/3
    69 | D:1      | Reached skill level 1 in Fighting
    69 | D:1      | Reached XP level 2. HP: 16/16 MP: 1/5
    87 | D:1      | Reached skill level 4 in Earth Magic
   237 | D:1      | Reached XP level 3. HP: 20/20 MP: 0/6
   778 | D:1      | Found a faded altar of an unknown god.
   979 | D:2      | Found a shimmering blue altar of Sif Muna.
  1018 | D:2      | Reached XP level 4. HP: 26/26 MP: 2/8
  2265 | D:3      | Reached skill level 1 in Shields
  3193 | D:2      | Slain by an orc wizard

Illustrated notes

Levels and vault maps discovered:
D:1:      amcnicky_arrival_choice, layout_rooms, ebering_ecumenical_altar_hall
D:2:      layout_basic, basic_altar, dk_noncrumbling_2, grunt_decor_clamped
D:3:      kennysheep_big_flooded_room, layout_loops_corners, serial_forest,
          infiniplex_forest_lined_1, infiniplex_forest_clump_long,
          infiniplex_forest_clump_curved, infiniplex_forest_lined_room_2,
          infiniplex_forest_corner_1, infiniplex_forest_straight_5,
          infiniplex_forest_clump_diagonal, minivault_4,
          chequers_serial_rivers_micro_a, minmay_misc_feat_iff,
          serial_park_tiny_2

Skill      XL: |  1  2  3  4 |
---------------+-------------+-----
Fighting       | 1 2 |  2.3
Earth Magic    | 4 |  4.6
Shields        | 1 |  1.2
Dodging        | |  1.5
Stealth        | |  2.1
Spellcasting   | |  2.9
Transmutations | |  0.7

Action                     |  1- 3 |  4- 6 || total
---------------------------+-------+-------++-------
  Melee: Club              |    22 |    53 ||    75
         Mace              |       |    10 ||    10
   Cast: Sandblast         |    42 |    42 ||    84
 Armour: Robe              |    19 |    32 ||    51
  Dodge: Dodged            |    34 |    58 ||    92
  Block: Kite shield       |    11 |    45 ||    56
